 Dungeon Crawl Stone Soup version 0.29-a0-322-g68df515428 (console) character file.

Game seed: 7532438276635566381

17 Ignak the Skirmisher (level 2, 0/29 HPs)
             Began as an Ogre Warper on Apr 6, 2022.
             Succumbed to a goblin's poison
             ... on level 2 of the Dungeon.
             The game lasted 00:01:46 (1536 turns).

Ignak the Skirmisher (Ogre Warper)                  Turns: 1536, Time: 00:01:47

Health: 0/29       AC:  3    Str: 14    XL:     2   Next: 62%
Magic:  3/5        EV:  9    Int: 14    God:
Gold:   40         SH:  0    Dex:  8    Spells: 4/6 levels left

rFire   . . .      SeeInvis .   a - +0 mace
rCold   . . .      Faith    .   (no shield)
rNeg    . . .      Spirit   .   b - +0 robe
rPois   .          Reflect  .   (helmet restricted)
rElec   .          Harm     .   (no cloak)
rCorr   .          Rampage  .   (gloves unavailable)
Will    .....                   (boots unavailable)
Stlth   +.........              (no amulet)
HPRegen 0.09/turn               (no ring)
MPRegen 0.09/turn               (no ring)

@: lethally poisoned (0 -> -3), invisible
A: large, unfitting armour, tough skin 1
a: no special abilities


You were on level 2 of the Dungeon.
You visited 1 branch of the dungeon, and saw 2 of its levels.

You collected 40 gold pieces.

Inventory:

Hand Weapons
 a - a +0 mace (weapon)
Missiles
 d - 7 boomerangs of dispersal
 j - 3 poisoned darts (quivered)
Armour
 b - a +0 robe (worn)
 m - a scarf of resistance
Scrolls
 c - 2 scrolls of blinking
 e - 2 scrolls of teleportation {unknown}
 h - a scroll of identify {unknown}
 l - a scroll of brand weapon {unknown}
Potions
 i - a potion of mutation {unknown}


   Skills:
 + Level 2.9 Fighting
 + Level 2.0 Maces & Flails
 + Level 1.3 Throwing
 + Level 2.2 Dodging
 + Level 2.6 Spellcasting
 + Level 2.8 Translocations


You had 4 spell levels left.
You knew the following spells:

 Your Spells              Type           Power      Damage    Failure   Level
b - Blink                 Tloc           18%        N/A       11%         2

Your spell library contained the following spells:

 Spells                   Type           Power      Damage    Failure   Level
 Gell's Gravitas          Tloc           9%         N/A       21%         3
 Lesser Beckoning         Tloc           9%         N/A       21%         3
 Teleport Other           Tloc           9%         N/A       21%         3
 Manifold Assault         Tloc           9%         N/A       88%         5


Dungeon Overview and Level Annotations

Branches:
Dungeon (2/15)

Altars:

Shops:
D:1 ?


Innate Abilities, Weirdness & Mutations

You are too large for most types of armour.
You have tough skin. (AC +1)


Message History

You are poisoned.
You feel sick.
The goblin hits you with a +0 dagger of venom.
You are lethally poisoned!
You feel very sick.
You see here a quokka corpse.
Press: ? - help, v - describe, . - travel
Here: a goblin, wielding a +0 dagger of venom The floor.
Casting: Blink (safe; 11% risk of failure)
Confirm with . or Enter, or press ? or * to list all spells.
You blink.
Found a dagger.
* * * LOW HITPOINT WARNING * * *
You feel sick.
Okay, then.
Throw: 4 darts (poison)
Press: ? - help, Q - select action, (/) - cycle Shift-Dir - straight line, f - goblin
Aim: a goblin, wielding a +0 dagger of venom (45% to hit)
You throw a poisoned dart. The poisoned dart hits the goblin.
The goblin is poisoned.
* * * LOW HITPOINT WARNING * * *
You feel sick.
* * * LOW HITPOINT WARNING * * *
You feel sick.
You kill the goblin!
It was a potion of resistance.
You feel protected.
* * * LOW HITPOINT WARNING * * *
You feel sick.
* * * LOW HITPOINT WARNING * * *
You feel sick.
It was a potion of cancellation.
Your magical effects are unravelling.
You feel magically purged.
Your resistance to elements expires.
You feel stable enough to blink again.
* * * LOW HITPOINT WARNING * * *
You feel sick.
It was a potion of invisibility.
You fade into invisibility!
You die...

...........# ..
..........##.#
#............ .
#...........
..###..........###..
......?...........
#....)..†...###
##..@.........#
#......)(.†...##..
.)...#......†..........
#..# #.......#.........
.. #....##.######.... .
....#.##..^### ...
...##.####...##....
....#...............
.....#........###.#..


There were no monsters in sight!

Vanquished Creatures
  3 endoplasms (D:1)
  A goblin (D:2)
  A hobgoblin (D:1)
  2 quokkas
  4 ball pythons
  4 bats
  A kobold (D:1)
  2 rats (D:1)
18 creatures vanquished.

Notes
Turn   | Place    | Note
-------+----------+-------------------------------------------
     0 | D:1      | Ignak the Ogre Warper began the quest for the Orb.
     0 | D:1      | Reached XP level 1. HP: 22/22 MP: 3/3
    80 | D:1      | Found Daomaho's Magic Scroll Shoppe.
   790 | D:1      | Reached XP level 2. HP: 14/29 MP: 5/5
   793 | D:1      | Learned a level 2 spell: Blink
  1535 | D:2      | HP: 1/29 [poisoned by a goblin]
  1536 | D:2      | Succumbed to a goblin's poison

Illustrated notes

Levels and vault maps discovered:
D:1:      dpeg_arrival_tiny_a, layout_basic, serial_shops, shop_statue,
          chequers_arboretum
D:2:      layout_rooms, uniq_robin

Skill      XL: |  1  2 |
---------------+-------+-----
Maces & Flails | 2 |  2.0
Fighting       | |  2.9
Throwing       | |  1.3
Dodging        | |  2.2
Spellcasting   | |  2.6
Translocations | |  2.8

Action                   || total
-------------------------++-------
Melee: Mace              ||    59
       Punch             ||     1
Throw: Dart              ||     1
 Cast: Blink             ||     1
  Use: Potion            ||     3
Armor: Robe              ||    41
Dodge: Dodged            ||    39

Table legend: (Time is in decaauts)
 A = Elapsed time spent in this place.
 B = Non-inter-level travel time spent in this place.
 C = Inter-level travel time spent in this place.
 D = Time resting spent in this place.
 E = Time spent auto-exploring this place.
 F = Levels seen in this place.
 G = Mean time per level.
                   A        B        C        D        E       F      G
               +--------+--------+--------+--------+--------+-----+--------+
         Total |   1555 |   1532 |     23 |    389 |    911 |   2 |  777.5 |
       Dungeon |   1555 |   1532 |     23 |    389 |    911 |   2 |  777.5 |
               +--------+--------+--------+--------+--------+-----+--------+

Top non-repeatable levels by time:
     D:1: 1492 daAuts
     D:2: 63 daAuts
